 Dungeon Crawl Stone Soup version 0.16.2-12-gd0ad4c3 (webtiles) character file.

37 pigpen the Skirmisher (level 3, -1/33 HPs)
             Began as a Draconian Berserker on Oct 3, 2015.
             Was an Initiate of Nemelex Xobeh.
             Slain by a gnoll
             ... wielding a +0 halberd
              (3 damage)
             ... on level 1 of the Dungeon.
             The game lasted 00:06:18 (622 turns).

pigpen the Skirmisher (Draconian Berserker)          Turns: 622, Time: 00:06:18

Health: -1/33      AC:  5    Str: 20    XL:     3   Next: 23%
Magic:  3/3        EV: 12    Int:  7    God:    Nemelex Xobeh [......]
Gold:   61         SH:  0    Dex: 10    Spells: 0 memorised, 2 levels left

rFire  . . .     SeeInvis .     f - +0 mace
rCold  . . .     Clarity  .     (armour unavailable)
rNeg   . . .     SustAb   .     (no shield)
rPois  .         Gourm    .     (helmet restricted)
rElec  .         Spirit   .     (no cloak)
rCorr  .         Warding  .     (no gloves)
rMut   .         Stasis   .     (no boots)
MR     .....                    (no amulet)
Stlth  +.........               (no ring)
                                (no ring)

@: not resistant to hostile enchantments, very unstealthy
A: unfitting armour, blink 1, cold-blooded, AC +5
a: Blink, Renounce Religion


You were on level 1 of the Dungeon.
You worshipped Nemelex Xobeh.
Nemelex Xobeh was noncommittal.
You were not hungry.

You visited 1 branch of the dungeon, and saw 2 of its levels.

You collected 61 gold pieces.

Inventory:

Hand weapons
 a - a +0 hand axe
 f - a +0 mace (weapon)
 j - a +0 club
Armour
 b - a +0 ice dragon armour
 i - a +0 robe
Scrolls
 e - a scroll of identify
 g - a scroll of fear {unknown}
 k - a scroll of remove curse {unknown}
Comestibles
 c - a bread ration
 d - a chunk of flesh


   Skills:
 + Level 4.0 Fighting
 - Level 3.2(3.3) Axes
 * Level 1.4(2.5) Maces & Flails
 - Level 2.8 Dodging


You had 2 spell levels left.
You didn't know any spells.

Dungeon Overview and Level Annotations

Branches:
Dungeon (2/15)

Altars:
Nemelex Xobeh


Innate Abilities, Weirdness & Mutations

Your plain brown scales are hard (AC +5).
Your body does not fit into most forms of armour.
Your cold-blooded metabolism reacts poorly to cold.
You can translocate small distances at will.


Message History

The gnoll hits you with a spear. The gnoll closely misses you.
The gnoll hits you with a flail. The gnoll hits you with a halberd.
* * * LOW HITPOINT WARNING * * *
The gnoll barely misses you. x2
The gnoll hits you with a flail.
* * * LOW HITPOINT WARNING * * *
You climb downwards.
There is a stone staircase leading up here.
The gnoll completely misses you. The gnoll barely misses you.
The gnoll closely misses you.
You climb upwards.
There is a stone staircase leading down, spattered with blood here.
Use which ability? (? or * to list)
You can't do that.
Drink which item? (? for menu, Esc to quit)
It was a potion of beneficial mutation.
You feel jittery.
You feel fantastic! The gnoll misses you. The gnoll hits you with a halberd.
You die...
Your body disappears without a glow.

########
###########......#
.........##......#
...............g.#####
.........##....g@##..###
..........(.)).g.g.....#
.........##.....%.....##
................#....##
.....................#
.........###.......###
###.#..#####......###
#..#.##......#....####
##.#.##.#............#


You could see 4 gnolls.

Vanquished Creatures
  A gnoll (D:1)
  3 bats (D:1)
  2 giant cockroaches (D:1)
  4 goblins (D:1)
  4 hobgoblins (D:1)
  4 jackals (D:1)
  A giant newt (D:1)
  3 kobolds (D:1)
  3 rats (D:1)
25 creatures vanquished.

Notes
Turn   | Place    | Note
--------------------------------------------------------------
     0 | D:1      | pigpen, the Draconian Berserker, began the quest for the Orb.
     0 | D:1      | Reached XP level 1. HP: 19/19 MP: 1/1
   163 | D:1      | Reached XP level 2. HP: 16/26 MP: 2/2
   213 | D:1      | Reached skill level 1 in Maces & Flails
   371 | D:1      | Reached XP level 3. HP: 12/33 MP: 3/3
   438 | D:1      | Reached skill level 4 in Fighting
   508 | D:1      | Found a sparkling altar of Nemelex Xobeh.
   512 | D:1      | Fell from the grace of Trog
   512 | D:1      | Became a worshipper of Nemelex Xobeh the Trickster
   622 | D:1      | Gained mutation: You can translocate small distances at will. [potion of beneficial mutation]
   622 | D:1      | Slain by a gnoll

Action                   || total
-------------------------++-------
Melee: Hand axe          ||    23
       Mace              ||    58
  Use: Scroll            ||     1
       Potion            ||     1
